 Dungeon Crawl Stone Soup version 0.30-a0-358-g0d69a1922f (webtiles) character file.

Game seed: 14887384406014442819

3179 NinjaNoafa the Basher (level 9, 0/75 (77) HPs)
             Began as an Armataur Cinder Acolyte on Nov 10, 2022.
             Was an Elder of Ignis.
             Slain by a wight
             ... wielding a +1 great sword
              (3 damage)
             ... on level 8 of the Dungeon.
             The game lasted 00:27:40 (8565 turns).

NinjaNoafa the Basher (Armataur Cinder Acolyte)     Turns: 8565, Time: 00:27:40

HP:   0/75 (77)     AC: 15    Str: 24    XL:     9   Next: 63%
MP:   14/15         EV:  8    Int: 15    God:    Ignis [****..]
Gold: 76            SH:  9    Dex:  5    Spells: 14/16 levels left

rFire   + + .      SeeInvis +    k - +1 mace (drain)
rCold   + . .      Faith    .    c - +2 kite shield
rNeg    . . .      Spirit   .    o - +2 robe
rPois   +          Reflect  .    J - +1 helmet {SInv}
rElec   +          Harm     .    (no cloak)
rCorr   +          Roll     +    (no gloves)
Will    .....                    (no barding)
Stlth   +.........               (no amulet)
HPRegen 0.32/turn                y - +4 ring of slaying
MPRegen 0.14/turn                A - ring of poison resistance

@: mighty, brilliant, about to teleport, resistant, attractive, fiery-armoured,
very slightly contaminated, lightly drained
A: large, rugged brown scales 3, deformed body, armoured tail, roll, long
tongue, awkward tongue
a: Renounce Religion, Fiery Armour, Foxfire Swarm, Rising Flame


You were on level 8 of the Dungeon.
You worshipped Ignis.
Ignis was greatly pleased with you.
You visited 2 branches of the dungeon, and saw 9 of its levels.

You collected 366 gold pieces.
You spent 290 gold pieces at shops.

Inventory:

Hand Weapons
 k - a +1 mace of draining (weapon)
Missiles
 a - 2 boomerangs
 f - 64 stones
 F - a throwing net
 G - 9 poisoned darts
Armour
 c - a +2 kite shield (worn)
 o - a +2 robe (worn)
 J - a +1 helmet of see invisible (worn)
Jewellery
 y - a +4 ring of slaying (left hand)
 A - a ring of poison resistance (right hand)
Scrolls
 e - a scroll of magic mapping {unknown}
 g - 2 scrolls of teleportation
 h - a scroll of enchant weapon {unknown}
 m - 3 scrolls of fog
 n - a scroll of blinking {unknown}
 t - a scroll of poison {unknown}
 u - a scroll of enchant armour {unknown}
 w - 4 scrolls of noise {unknown}
 B - a scroll of acquirement {unknown}
 C - 2 scrolls of fear {unknown}
 D - a scroll of vulnerability {unknown}
 H - a scroll of immolation {unknown}
Potions
 j - a potion of lignification
 p - a potion of brilliance
 q - a potion of flight
 r - a potion of attraction
 s - 3 potions of degeneration
 v - a potion of might
 z - 2 potions of haste
 I - a potion of magic {unknown}


   Skills:
 + Level 4.6 Fighting
 + Level 8.9 Maces & Flails
 + Level 4.6 Armour
 - Level 5.0 Shields
 - Level 4.0 Spellcasting
 - Level 5.0 Fire Magic


You had 14 spell levels left.
You knew the following spells:

 Your Spells              Type           Power      Damage    Failure   Level
a - Scorch                Fire           54%        2d8       8%          2

Your spell library contained the following spells:

 Spells                   Type           Power      Damage    Failure   Level
 Freeze                   Ice            16%        1d4       36%         1
 Frozen Ramparts          Ice            8%         1d2       75%         3
 Hailstorm                Conj/Ice       4%         3d4       75%         3


Dungeon Overview and Level Annotations

Branches:
Dungeon (8/15)             Temple (1/1) D:4            Lair (0/5) D:8

Altars:
Ashenzari
Cheibriados
Dithmenos
Elyvilon
Fedhas
Gozag
Hepliaklqana
Kikubaaqudgha
Makhleb
Nemelex Xobeh
Okawaru
Qazlal
Ru
Sif Muna
Trog
Uskayaw
Wu Jian
Xom
Yredelemnul
Zin
The Shining One

Shops:
D:1 [   D:2 *

Annotations:
D:5 2 runed translucent doors, Tocho's ghost, novice DsGl


Innate Abilities, Weirdness & Mutations

You are completely covered in rugged brown scales. (AC +3, +7% HP)
Armour fits poorly on your strangely shaped body.
You have a long armoured tail.
You roll when moving toward enemies. (Rampage)
Your long tongue fully drains potion bottles. (2x potion effects)
Your tongue gives you trouble enunciating. (1.5x scroll delay)


Message History

The orc warrior hits you but does no damage.
The orc warrior is burned by your cloak of flames.
You kill the orc warrior!
Casting: Scorch (safe; 8% risk of failure)
Confirm with . or Enter, or press ? or * to list all spells.
You feel a surge of power!
Flames lash the wight.
The wight is heavily damaged.
The wight's fire resistance burns away.
The wight hits you with a +1 great sword!
* * * LOW HITPOINT WARNING * * *
You feel drained.
* * * LOW HITPOINT WARNING * * *
The wight is burned by your cloak of flames.
The wight is severely damaged.
The wight hits you but does no damage.
You barely miss the wight.
The wight is severely damaged.
The wight hits you but does no damage. x2
You closely miss the wight.
The wight is severely damaged.
The wight hits you with a +1 great sword!
* * * LOW HITPOINT WARNING * * *
The wight hits you but does no damage.
Unknown command.
You slurp down every last drop of the pink potion!
It was a potion of resistance.
You feel protected.
You hear the quick creaking of a portcullis very nearby.
You feel less wooden.
Your +1 helmet of see invisible unmelds from your body.
Your +2 robe unmelds from your body.
You feel perceptive. You block the wight's attack. The wight barely misses you.
As you slowly read the scroll labelled COKOVV PALIX, it crumbles to dust.
The scroll dissolves into smoke.
It was a scroll of fog.
The wight barely misses you. x2; The wight is attracted toward you.
There is a staircase to the Lair here.
As you slowly read the scroll of teleportation, it crumbles to dust.
You feel strangely unstable.
The wight hits you with a +1 great sword.
You die...

#......<..#
#.........## #
........ .# #.
....... .## #.#
#....####..# ##
#..#####..##....##...
#.....<...........#
###.§.§§§##÷......#
#..§§@§§.....##..
####.zzz###..?..#
#...§§§§# #####.#
#...##§z### .. #..
#...## #.. #.. #.†))#
# ... ##.#)# .. #.#)#
# #.#)#


You could see 3 wights.

Vanquished Creatures
  A two-headed ogre (D:8)
  A steam dragon (D:7)
  An ice beast (D:5)
  An orc warrior (D:8)
  3 sky beasts
  A black bear (D:7)
  A centaur (D:6)
  An ogre (D:7)
  3 bullfrogs
  2 kobold brigands
  2 necrophages
  3 scorpions
  2 gnoll sergeants
  A wight (D:8)
  3 howler monkeys (D:8)
  5 jellies
  A hound (D:4)
  An orc priest (D:6)
  A gnoll bouda (D:6)
  Jessica (D:3)
  3 iguanas (D:5)
  4 orc wizards
  12 gnolls
  7 adders
  A shadow imp (D:3)
  3 white imps
  An ufetubus (D:5)
  4 worms
  2 dart slugs
  5 orcs
  3 ball pythons
  10 endoplasms
  5 giant cockroaches
  6 goblins
  11 hobgoblins
  A quokka (D:4)
  9 bats
  2 frilled lizards
  13 kobolds
  4 rats
141 creatures vanquished.

Vanquished Creatures (collateral kills)
  A bullfrog (D:8)
  An orc (D:8)
2 creatures vanquished.

Vanquished Creatures (others)
  13 foxfires (D:8)
13 creatures vanquished.

Grand Total: 156 creatures vanquished

Notes
Turn   | Place    | Note
-------+----------+-------------------------------------------
     0 | D:1      | NinjaNoafa the Armataur Cinder Acolyte began the quest for
                  | the Orb.
     0 | D:1      | Reached XP level 1. HP: 19/19 MP: 2/2
   144 | D:1      | You fall into a shaft and drop 1 floor!
   307 | D:1      | Reached XP level 2. HP: 18/26 MP: 3/3
   447 | D:1      | Learned a level 2 spell: Scorch
   495 | D:1      | Reached XP level 3. HP: 32/32 MP: 1/4
   821 | D:1      | Found Deywnani's Armour Shop.
  1614 | D:2      | Reached XP level 4. HP: 35/39 MP: 5/5
  1637 | D:2      | Found a faded altar of an unknown god.
  1643 | D:2      | Found Ruontuec's Assorted Antiques.
  1652 | D:2      | Bought a glowing robe for 81 gold pieces
  2363 | D:3      | Noticed Jessica
  2371 | D:3      | Killed Jessica
  2372 | D:3      | Reached skill level 5 in Fire Magic
  2567 | D:3      | Noticed a scorpion
  2600 | D:3      | Killed a scorpion
  2601 | D:3      | Reached XP level 5. HP: 23/44 MP: 1/8
  2801 | D:3      | Found a sacrificial altar of Ru.
  3071 | D:4      | Found a staircase to the Ecumenical Temple.
  3094 | Temple   | Entered the Ecumenical Temple
  3597 | D:4      | Reached XP level 6. HP: 53/53 MP: 7/10
  4074 | D:5      | Entered Level 5 of the Dungeon
  4157 | D:5      | Reached skill level 3 in Maces & Flails
  4437 | D:5      | Found a large runed translucent door.
  4438 | D:5      | Found a large runed translucent door.
  4441 | D:5      | Noticed Tocho's ghost (novice DsGl)
  4648 | D:5      | Noticed an ice beast
  4653 | D:5      | Killed an ice beast
  4654 | D:5      | Reached skill level 4 in Maces & Flails
  4654 | D:5      | Reached XP level 7. HP: 59/59 MP: 6/13
  5096 | D:5      | Found a sparkling altar of Nemelex Xobeh.
  5256 | D:6      | Found a shadowy altar of Dithmenos.
  5268 | D:6      | Reached skill level 5 in Maces & Flails
  5980 | D:2      | Bought a scroll of identify for 44 gold pieces
  6100 | D:6      | Reached skill level 6 in Maces & Flails
  6305 | D:6      | Reached XP level 8. HP: 66/66 MP: 11/14
  6502 | D:6      | Reached skill level 7 in Maces & Flails
  7015 | D:7      | Reached skill level 8 in Maces & Flails
  7202 | D:7      | Found a broken altar of Ashenzari.
  7202 | D:7      | Found an ornate altar of the Wu Jian Council.
  7311 | D:7      | Reached skill level 1 in Shields
  8039 | D:8      | Found a staircase to the Lair.
  8071 | D:8      | Reached skill level 5 in Shields
  8071 | D:8      | Reached XP level 9. HP: 52/72 MP: 1/15
  8076 | D:8      | Reached skill level 1 in Armour
  8314 | D:1      | Bought a +1 helmet of see invisible for 165 gold pieces
  8516 | D:8      | Noticed a two-headed ogre
  8555 | D:8      | Killed a two-headed ogre
  8561 | D:8      | HP: 3/112 [wight/+1 great sword (11)]
  8565 | D:8      | Slain by a wight

Illustrated notes

Levels and vault maps discovered:
D:1:      mrwooster_arrival_statue_3, layout_loops_corners, serial_shops,
          nicolae_shop_advertising_works [nicolae_subvault_shop_adworks]
D:2:      layout_basic, shapermc_ecumenical_altar_venn, serial_shops,
          nicolae_diamond_shop
D:3:      layout_rooms, nicolae_ru_great_annihilating_truth, uniq_jessica
D:4:      layout_gridville, temple_fountains
D:5:      layout_loops_corners, nemelex_xobeh_ov_fountains_minmay,
          ebering_ghost_disaster_area
D:6:      layout_basic, nicolae_dithmenos_through_a_glass_darkly
D:7:      layout_loops_ring, mainiacjoe_overflow_divided_tiny
D:8:      layout_rooms, lair_entry_dummy, enter_bailey_2, minmay_joined_circles,
          uniq_pikel
Temple:   kb_temple_of_zot

Skill      XL: |  1  2  3  4  5  6  7  8  9 |
---------------+----------------------------+-----
Fire Magic     | 3 4 5 |  5.0
Spellcasting   | 2 3 4 |  4.0
Maces & Flails | 4 6 8 |  8.9
Shields        | 5 |  5.0
Fighting       | 4 |  4.6
Armour         | 4 |  4.6

Action                   |  1- 3 |  4- 6 |  7- 9 || total
-------------------------+-------+-------+-------++-------
Melee: Mace              |    54 |    48 |    91 ||   193
       Tailslap          |     9 |     3 |    12 ||    24
Throw: Throwing net      |       |       |     1 ||     1
 Cast: Scorch            |    16 |    65 |    85 ||   166
Invok: Fiery Armour      |     1 |       |     1 ||     2
       Foxfire Swarm     |       |       |     1 ||     1
  Use: Scroll            |       |     3 |     9 ||    12
       Potion            |       |     2 |    10 ||    12
Armor: Robe              |    32 |    26 |    42 ||   100
       Skin              |       |       |    62 ||    62
Dodge: Dodged            |    30 |    19 |    73 ||   122
Block: Kite shield       |       |       |    58 ||    58

Table legend: (Time is in decaauts)
 A = Elapsed time spent in this place.
 B = Non-inter-level travel time spent in this place.
 C = Inter-level travel time spent in this place.
 D = Time resting spent in this place.
 E = Time spent auto-exploring this place.
 F = Levels seen in this place.
 G = Mean time per level.
                   A        B        C        D        E       F      G
               +--------+--------+--------+--------+--------+-----+--------+
         Total |   8597 |   7650 |    947 |      0 |   6519 |   9 |  955.2 |
       Dungeon |   8490 |   7559 |    931 |      0 |   6439 |   8 | 1061.2 |
        Temple |    106 |     90 |     16 |      0 |     80 |   1 |  106.0 |
               +--------+--------+--------+--------+--------+-----+--------+

Top non-repeatable levels by time:
     D:6: 1578 daAuts
     D:1: 1513 daAuts
     D:5: 1301 daAuts
     D:7: 1062 daAuts
     D:4: 993 daAuts
     D:3: 975 daAuts
     D:2: 833 daAuts
     D:8: 232 daAuts
  Temple: 106 daAuts
